 Dungeon Crawl Stone Soup version 0.29-a0-337-g68df138881 (webtiles) character file.

Game seed: 10972743568380449346

301 Dauddaud the Cleaver (level 6, -10/51 HPs)
             Began as a Minotaur Berserker on Apr 16, 2022.
             Was a Believer of Trog.
             Mangled by a kobold brigand
             ... wielding a +2 dagger of distortion
              (22 damage)
             ... on level 3 of the Dungeon.
             The game lasted 00:05:22 (2922 turns).

Dauddaud the Cleaver (Minotaur Berserker)           Turns: 2922, Time: 00:05:23

Health: -10/51     AC: 10    Str: 23    XL:     6   Next: 14%
Magic:  5/5        EV:  8    Int:  4    God:    Trog [**....]
Gold:   153        SH:  0    Dex: 10    Spells: 5/5 levels left

rFire   . . .      SeeInvis .   x - +0 war axe
rCold   . . .      Faith    .   (no shield)
rNeg    . . .      Spirit   .   y - +2 chain mail {rPois}
rPois   +          Reflect  .   (helmet restricted)
rElec   .          Harm     .   (no cloak)
rCorr   .          Rampage  .   (no gloves)
Will    ++...                   (no boots)
Stlth   ..........              (no amulet)
HPRegen 1.17/turn               (no ring)
MPRegen 0.09/turn               (no ring)

@: strong-willed, on berserk cooldown, regenerating
A: horns 2, retaliatory headbutt
a: Renounce Religion, Berserk, Trog's Hand


You were on level 3 of the Dungeon.
You worshipped Trog.
Trog was pleased with you.
You visited 1 branch of the dungeon, and saw 3 of its levels.

You collected 153 gold pieces.

Inventory:

Hand Weapons
 a - a +0 hand axe
 x - a +0 war axe (weapon)
Missiles
 j - a throwing net (quivered)
 m - 5 poisoned darts
Armour
 b - a +0 animal skin
 d - a +0 ring mail
 q - a scarf of shadows
 v - a +0 ring mail of fire resistance
 y - a +2 chain mail of poison resistance (worn)
Scrolls
 c - a scroll of brand weapon {unknown}
 g - 3 scrolls of teleportation
 h - a scroll of torment {unknown}
 i - 3 scrolls of identify {unknown}
 n - 2 scrolls of enchant weapon {unknown}
 o - a scroll of magic mapping {unknown}
 s - a scroll of blinking {unknown}
 t - a scroll of fear {unknown}
 A - a scroll of silence {unknown}
Potions
 e - a potion of heal wounds {unknown}
 f - a potion of magic {unknown}
 k - a potion of brilliance {unknown}
 l - a potion of ambrosia {unknown}
 p - 2 potions of curing {unknown}
 r - a potion of cancellation {unknown}
 u - a potion of might {unknown}
 w - a potion of lignification {unknown}
 z - a potion of invisibility {unknown}
 B - 2 potions of haste {unknown}
 C - a potion of flight {unknown}


   Skills:
 - Level 3.6 Fighting
 + Level 8.4 Axes
 - Level 2.4 Armour
 - Level 2.1 Dodging


You had 5 spell levels left.
You didn't know any spells.
Your spell library was empty.

Dungeon Overview and Level Annotations

Branches:
Dungeon (3/15)

Altars:

Portals:
Abyss: D:3

Annotations:
D:3 1 transporter, anet's ghost, weakling MiBe


Innate Abilities, Weirdness & Mutations

You have a pair of horns on your head.
You reflexively headbutt those who attack you in melee.


Message History

You slice the small abomination!!
You destroy the small abomination!
Trog accepts your kill.
Your Axes skill increases to level 8!
You have reached level 6!
You start resting.
You feel a strong urge to attack something.
You start resting.
You feel your anger nearly subside.
You are no longer berserk.
You are exhausted.
You feel yourself slow down.
You start resting.
A kobold brigand is nearby!
You feel yourself speed up.
You hit the kobold brigand. You headbutt the kobold brigand.
The kobold brigand is lightly wounded.
The kobold brigand hits you with a +2 dagger of distortion.
You hit the kobold brigand.
The kobold brigand is lightly wounded.
The kobold brigand hits you but does no damage.
You blink.
Your skin crawls.
You feel strong-willed.
You hit the kobold brigand.
Your headbutt misses the kobold brigand.
The kobold brigand is lightly wounded.
The kobold brigand hits you with a +2 dagger of distortion.
Space warps horribly around you!
You barely miss the kobold brigand.
You headbutt the kobold brigand, but do no damage.
The kobold brigand is lightly wounded.
The kobold brigand hits you with a +2 dagger of distortion.
* * * LOW HITPOINT WARNING * * *
You blink.
You barely miss the kobold brigand. You headbutt the kobold brigand.
The kobold brigand is moderately wounded.
The kobold brigand hits you with a +2 dagger of distortion.
* * * LOW HITPOINT WARNING * * *
Space warps horribly around you!!
You die...

#.....................#.#######.
##+....................#.# #.
..........###..###.....#.# ##
.....###.##K####.##....#.#
.....#.###. ##...#....#.# ###
....©#..∩. ###.##©#....#.# #..
.....##... #...§..##...#.######.#
......# .##..###K#.##............
......## .#.##.#@.###..#......#.#
.......##.#$#..##©##......###.#..
........#...##..###.......# #.###
........#..#.#............# #.#
##....###.#..##...........# #.#
###)..#..#.W. #####..)....# #.#
.....##.#.###.x##?##......# #.#
###..#5.x##.# #...5#©.....###.###
#..##.##..###.####...#..#......


You could see a kobold brigand.

Vanquished Creatures
  A small abomination (D:3)
  A bullfrog (D:3)
  A quasit (D:3)
  A gnoll (D:1)
  2 adders
  4 dart slugs
  An orc (D:3)
  3 endoplasms
  3 giant cockroaches
  5 hobgoblins
  3 jackals (D:3)
  3 quokkas
  5 ball pythons
  5 bats
  4 frilled lizards
  3 goblins
  5 kobolds
  4 rats
54 creatures vanquished.

Vanquished Creatures (others)
  6 plants (D:3)
6 creatures vanquished.

Grand Total: 60 creatures vanquished

Notes
Turn   | Place    | Note
-------+----------+-------------------------------------------
     0 | D:1      | Dauddaud the Minotaur Berserker began the quest for the
                  | Orb.
     0 | D:1      | Reached XP level 1. HP: 19/19 MP: 0/0
   143 | D:1      | Reached skill level 4 in Axes
   176 | D:1      | Reached XP level 2. HP: 26/26 MP: 1/1
   360 | D:1      | Reached skill level 5 in Axes
   364 | D:1      | Reached XP level 3. HP: 15/31 MP: 2/2
   977 | D:1      | Found a faded altar of an unknown god.
  1519 | D:2      | Reached ** piety under Trog
  1995 | D:3      | Found a transporter.
  1995 | D:3      | Noticed a small abomination
  1997 | D:3      | Noticed a kobold brigand
  2005 | D:3      | Found a transporter.
  2035 | D:3      | Noticed a small abomination
  2056 | D:3      | Noticed anet's ghost (weakling MiBe)
  2149 | D:3      | Noticed a bullfrog
  2154 | D:3      | Killed a bullfrog
  2155 | D:3      | Reached skill level 6 in Axes
  2155 | D:3      | Reached XP level 4. HP: 20/39 MP: 3/3
  2349 | D:3      | Found a one-way gate to the infinite horrors of the Abyss.
  2442 | D:3      | Reached XP level 5. HP: 43/45 MP: 4/4
  2657 | D:3      | Reached skill level 7 in Axes
  2887 | D:3      | Killed a small abomination
  2888 | D:3      | Reached skill level 8 in Axes
  2888 | D:3      | Reached XP level 6. HP: 42/51 MP: 5/5
  2922 | D:3      | Mangled by a kobold brigand

Illustrated notes

Levels and vault maps discovered:
D:1:      elethiomel_arrival_infinity_welcomes_careful_drivers,
          layout_loops_ring, chequers_ecumenical_altar_simple_redux
D:2:      layout_loops_ring, minmay_misc_feat_iff
D:3:      layout_basic, gammafunk_ghost_abyssal_escape, serial_bayou_crossing

Skill      XL: |  1  2  3  4  5 |
---------------+----------------+-----
Axes           | 4 5 6 8 |  8.4
Fighting       | |  3.6
Armour         | |  2.4
Dodging        | |  2.1

Action                   |  1- 3 |  4- 6 || total
-------------------------+-------+-------++-------
Melee: Hand axe          |    68 |       ||    68
       Headbutt          |    11 |     8 ||    19
       War axe           |     4 |    38 ||    42
Invok: Berserk           |       |     1 ||     1
       Trog's Hand       |       |     1 ||     1
Armor: Ring mail         |    25 |     3 ||    28
       Chain mail        |       |    29 ||    29
Dodge: Dodged            |    44 |    16 ||    60

Table legend: (Time is in decaauts)
 A = Elapsed time spent in this place.
 B = Non-inter-level travel time spent in this place.
 C = Inter-level travel time spent in this place.
 D = Time resting spent in this place.
 E = Time spent auto-exploring this place.
 F = Levels seen in this place.
 G = Mean time per level.
                   A        B        C        D        E       F      G
               +--------+--------+--------+--------+--------+-----+--------+
         Total |   2948 |   2818 |    130 |    443 |   2015 |   3 |  982.7 |
       Dungeon |   2948 |   2818 |    130 |    443 |   2015 |   3 |  982.7 |
               +--------+--------+--------+--------+--------+-----+--------+

Top non-repeatable levels by time:
     D:1: 1066 daAuts
     D:3: 1058 daAuts
     D:2: 823 daAuts
